 Dungeon Crawl Stone Soup version 0.18.1-50-g88ac8fd (console) character file.

230606 CALLOUS the Eclecticist (level 18, -9/99 HPs)
             Began as a High Elf Wanderer on Oct 19, 2018.
             Was an Initiate of Ru.
             Mangled by a vault warden
             ... wielding a +2 antimagic glaive
              (28 damage)
             ... on level 2 of the Vaults on Oct 28, 2018.
             The game lasted 2 days 17:15:38 (90866 turns).

CALLOUS the Eclecticist (High Elf Wanderer)    Turns: 90866, Time: 2 , 17:15:39

Health: -9/99      AC: 28    Str: 12    XL:     18   Next: 77%
Magic:  9/41       EV: 22    Int: 25    God:    Ru [......]
Gold:   712        SH:  0    Dex: 17    Spells: 16 memorised, 2 levels left

rFire  . . .     SeeInvis +     N - +2 rapier (protect)
rCold  . . .     Gourm    .     q - +0 troll leather armour
rNeg   . . .     Faith    .     (no shield)
rPois  .         Spirit   .     E - +3 crown of Dyrovepreva {rElec Int+2 SInv}
rElec  +         Dismiss  +     (no cloak)
rCorr  .         Reflect  .     K - +0 pair of gloves
SustAt .         Harm     .     z - +2 pair of boots {Stlth+}
MR     +....     Clarity  +     f - amulet of dismissal
Stlth  ++++......               M - ring of wizardry
                                D - ring of wizardry

@: icy armour, deflect missiles, slow, somewhat resistant to hostile
enchantments, stealthy
A: icy blue scales 1, molten scales 1, berserk 1, clarity, frail 1, sense
surroundings 1
a: Sacrifice Drink, Sacrifice Words, Sacrifice a Hand, Reject Sacrifices,
Renounce Religion
}: 1/15 runes: barnacled


You were on level 2 of the Vaults.
You worshipped Ru.
Ru was noncommittal.
You were not hungry.

You visited 6 branches of the dungeon, and saw 32 of its levels.
You also visited: Trove and Sewer.

You collected 2625 gold pieces.
You spent 1913 gold pieces at shops.

Inventory:

Hand Weapons
 a - the +9 hunting sling of Wealth {venom, rF+ Stlth+}
   (You found it on level 2 of the Lair of Beasts)

   It poisons the ammo it fires.
   It protects you from fire.
   It makes you more stealthy.
 c - a +4 hand axe of flaming
 l - a +0 arbalest
 H - a +4 demon trident of freezing
 N - a +2 rapier of protection (weapon)
 V - the +7 shortbow of the Apocalypse {speed, rPois rF+ rC++ Str-3 Int+2}
   (You found it on level 6 of the Lair of Beasts)

   Attacks with this weapon are significantly faster.
   It affects your strength (-3).
   It affects your intelligence (+2).
   It protects you from fire.
   It greatly protects you from cold.
   It protects you from poison.
Missiles
 i - 211 arrows
 r - 243 stones
 s - 8 exploding tomahawks
 v - 5 steel tomahawks (quivered)
 C - 8 silver tomahawks
 S - 23 throwing nets
 W - 207 sling bullets
Armour
 q - a +0 troll leather armour (worn)
 z - a +2 pair of boots of stealth (worn)
 E - the +3 crown of Dyrovepreva (worn) {rElec Int+2 SInv}
   (You bought it in a shop on level 1 of the Vaults)

   It affects your intelligence (+2).
   It insulates you from electricity.
   It lets you see invisible.
 K - a +0 pair of gloves (worn)
Magical Staves
 L - an uncursed staff of wizardry
 P - an uncursed staff of cold
 R - an uncursed staff of conjuration
Jewellery
 f - an amulet of dismissal (around neck)
 m - an uncursed ring of protection from cold
 t - the ring of the Queen {rN+ Dex+2}
   (You found it on level 4 of the Shoals)

   [ring of dexterity]

   It affects your dexterity (+2).
   It protects you from negative energy.
 x - the amulet "Viqa" {Gourm rF+}
   (You took it off a frost giant on level 4 of the Shoals)

   [amulet of the gourmand]

   It allows you to eat raw meat even when not hungry.
   It protects you from fire.
 D - a ring of wizardry (left hand)
 I - an uncursed ring of poison resistance
 M - a ring of wizardry (right hand)
 X - an uncursed ring of ice
Wands
 k - a wand of random effects (15/48)
 o - a wand of polymorph (12/24)
 u - a wand of iceblast (6/15)
 A - a wand of slowing (13/48)
 J - a wand of paralysis (0/24)
 Q - a wand of lightning (8/15)
 T - a wand of heal wounds (2/9)
 U - a wand of acid (6/15)
 Y - a wand of disintegration (9/24)
 Z - a wand of enslavement (8/24)
Scrolls
 w - 6 scrolls of blinking
 y - 6 scrolls of fear
 F - 4 scrolls of recharging
 G - 5 scrolls of teleportation
Potions
 j - 2 potions of haste
 p - 6 potions of flight
 B - 2 potions of berserk rage
Miscellaneous
 b - a fan of gales (inert)
 h - a phial of floods
 n - a lamp of fire (inert)
 O - a phantom mirror
Comestibles
 e - 7 slices of pizza
 g - 5 meat rations


   Skills:
 + Level 5.8 Fighting
   Level 1.0 Maces & Flails
 * Level 17.1 Bows
 - Level 1.0 Throwing
 - Level 1.0 Armour
 * Level 13.7 Dodging
 + Level 4.3 Stealth
 * Level 18.6 Spellcasting
 * Level 13.7 Conjurations
 * Level 11.7 Charms
 * Level 12.1 Translocations
 * Level 13.6 Air Magic
 - Level 1.5 Poison Magic
 + Level 1.9 Evocations


You had 2 spell levels left.
You knew the following spells:

 Your Spells              Type           Power        Failure   Level  Hunger
a - Warp Weapon           Chrm/Tloc      ######....   1%          5    None
b - Cure Poison           Pois           ####......   1%          2    None
c - Ozocubu's Armour      Chrm/Ice       ######..     1%          3    None
d - Spectral Weapon       Hex/Chrm       ######..     1%          3    None
e - Blink                 Tloc           N/A          1%          2    None
f - Shock                 Conj/Air       ####         0%          1    None
g - Corpse Rot            Necr           N/A          1%          2    None
h - Conjure Flame         Conj/Fire      ######..     1%          3    None
i - Sticky Flame          Conj/Fire      ######..     1%          4    None
j - Throw Frost           Conj/Ice       ######       1%          2    None
k - Swiftness             Chrm/Air       ######..     1%          2    None
l - Airstrike             Air            ######....   1%          4    None
m - Deflect Missiles      Chrm/Air       ######....   1%          6    ###....
n - Summon Forest         Summ/Tloc      ######....   2%          5    None
o - Summon Lightning Spi  Summ/Air       ######..     1%          4    None
p - Force Lance           Conj/Tloc      ######..     1%          4    None


Dungeon Overview and Level Annotations

Branches:
Dungeon (15/15)            Temple (1/1) D:5            Lair (8/8) D:11
 Shoals (4/4) Lair:4       Spider (0/4) Lair:5        Slime (0/6) Lair:8
    Orc (2/2) D:11            Elf (0/3) Orc:2        Vaults (2/5) D:13
 Depths (0/5) D:15
  Crypt: Vaults:2-3

Altars:
Ashenzari
Cheibriados
Dithmenos
Fedhas
Makhleb
Nemelex Xobeh
Okawaru
Pakellas
Ru
Sif Muna
Trog
Vehumet
Xom
Yredelemnul
Zin
Beogh
Jiyva

Shops:
D:4 (   Orc:1 =   Orc:2 !(   Shoals:2 :   Vaults:1 [

Annotations:
D:1 1 exclusion
D:2 1 exclusion
D:3 2 exclusions
D:4 2 exclusions, Robin
D:5 1 exclusion
D:6 1 exclusion
D:7 1 exclusion
D:8 1 exclusion
D:9 1 exclusion
D:10 exclusions: sky beast and 2 more exclusions
D:11 1 exclusion
D:12 2 exclusions
D:14 2 exclusions
Lair:2 1 exclusion
Lair:3 16rEDgreaswordeofprotectionchian, Rupert
Lair:4 1 exclusion
Lair:5 1 exclusion
Lair:6 2 exclusions
Lair:7 14kED, exclusion: 2 hogs, Kirke
Lair:8 1 exclusion
Shoals:1 1 exclusion
Shoals:2 1 exclusion
Shoals:3 1 exclusion
Shoals:4 17fgDbattleoffreezingmiDspearofdistortionglowingleather
Orc:1 1 exclusion
Orc:2 17srEDbattleofelecsinyplate, Saint Roka
Vaults:1 18omDhalberdrobe, exclusion: ogre mage


Innate Abilities, Weirdness & Mutations

You are partially covered in icy blue scales (AC +1).
You are partially covered in molten scales (AC +1).
You tend to lose your temper in combat.
You possess an exceptional clarity of mind.
You are frail (-10% HP).
You passively map a small area around you.


Message History

* * * LOW HITPOINT WARNING * * *
The vault warden hits your lightning spire with an uncursed war axe.
Press: ? - help, v - describe, . - travel
Here: a vault warden, wielding a war axe and wearing a chain mail (almost dead, covered in liquid flames)
The floor.
Unknown command.
Press: ? - help, v - describe, . - travel
Here: a vault warden, wielding a war axe and wearing a chain mail (almost dead, covered in liquid flames)
The floor.
Unknown command.
Press: ? - help, v - describe, . - travel, g - get item A bolt.
The floor, spattered with blood.
Unknown command.
Wield which item (- for none, * to show all)? (? for menu, Esc to quit)
You feel protected!
N - a +2 rapier of protection (weapon)
The vault warden burns! x2
The vault warden hits you with an antimagic glaive!!
You die...

, * , #...#
#...# #...#
, #...# ,,
,, +...#
#...# , ,
,,#...#
#(..# #@..#
* * #pp8#
#(..# #(..#
#(..# #...#
**#.(.#
,####* #.(.#
,oo'..,#..8#
,op'...#...#
,Oo'.p.+...#


You could see 2 vault wardens and a friendly lightning spire.

Vanquished Creatures
  2 krakens
  Ilsuiw (Shoals:4)
  2 orc warlords
  5 frost giants (Shoals:4)
  3 vault wardens
  The ghost of ciphuk the Swashbuckler, an adept KoBe of Trog (Lair:8)
  An ironheart preserver (Vaults:1)
  A vampire knight (D:13)
  A deep elf demonologist (Vaults:1)
  A deep elf annihilator (Vaults:1)
  3 merfolk javelineers
  A great orb of eyes (Vaults:1)
  7 merfolk impalers
  2 fire dragons
  5 vault guards
  2 yaktaur captains
  Harold (Lair:2)
  6 hydras
  3 death knights
  8 centaur warriors
  3 catoblepae (Lair:8)
  An ogre mage (Vaults:1)
  3 merfolk avatars
  3 merfolk aquamancers
  19 death yaks
  A tengu warrior (D:15)
  A satyr (Shoals:3)
  An orc high priest (Orc:2)
  Sonja (Lair:2)
  6 sea snakes
  A shadow wraith (Vaults:2)
  7 skeletal warriors
  2 deep trolls
  A wizard (D:15)
  2 unseen horrors
  2 kraken simulacra (Shoals:4)
  8 orc knights
  Pikel (D:5)
  A deep elf archer (Vaults:1)
  4 lindwurms (Lair:6)
  15 harpies
  An ironbrand convoker (Vaults:1)
  13 griffons
  A deep elf mage (D:14)
  10 hill giants
  18 ugly things
  3 orc sorcerers
  2 wolf spiders (Vaults:1)
  3 oklob plants
  5 fauns
  7 cyclopes
  3 manticores
  A hornet (shapeshifter) (D:14)
  An ice statue (Shoals:1)
  6 sirens
  8 centaur skeletons
  4 vault sentinels (Vaults:1)
  9 elephants
  2 centaur zombies
  6 black mambas
  5 water nymphs
  A torpor snail (Lair:8)
  3 gargoyles
  8 rime drakes
  5 kobold demonologists
  10 komodo dragons
  26 spiny frogs
  3 freezing wraiths
  9 yaktaurs
  11 trolls
  36 merfolk
  6 two-headed ogres
  A queen bee (shapeshifter) (Vaults:1)
  2 tengu conjurers
  A wind drake (Shoals:1)
  A jumping spider (Lair:5)
  A polar bear (Lair:4)
  9 snapping turtles
  A harpy skeleton (D:13)
  11 slime creatures
  2 boulder beetles
  19 blink frogs
  A redback (Lair:5)
  A shadow (D:14)
  A tarantella (shapeshifter) (Vaults:1)
  A vampire (D:15)
  10 water elementals
  12 wraiths
  9 wyverns
  58 yaks
  4 hungry ghosts
  A redback simulacrum (D:15)
  3 basilisks
  Menkaure (D:4)
  20 hippogriffs
  2 vampire mosquitoes
  10 wargs
  4 soldier ants
  11 water moccasins
  17 porcupines
  5 ice beasts
  4 sky beasts
  61 orc warriors
  2 eyes of draining (D:9)
  7 phantoms
  3 wasps
  3 necrophages
  15 wolves
  4 black bears
  23 ogres
  An ogre (shapeshifter) (Lair:1)
  26 centaurs
  17 crocodiles
  23 giant frogs
  9 big kobolds
  A water moccasin zombie (D:8)
  4 wyvern skeletons
  3 scorpions
  A water moccasin skeleton (D:7)
  5 killer bees
  19 wights
  5 electric eels
  11 howler monkeys
  2 jellies
  The ghost of CALLOUS the Conjurer, a weakling HaCj (D:3)
  11 crimson imps
  3 giant frog zombies
  A quasit (D:9)
  24 orc priests
  37 orc wizards
  5 hounds
  5 giant frog skeletons
  13 iguanas
  4 hell rats (Lair:4)
  15 worker ants
  2 killer bee zombies
  56 sheep
  A worker ant zombie (D:10)
  27 adders
  4 gnolls (D:2)
  87 river rats
  2 shadow imps
  3 oozes
  3 adder skeletons
  2 worms
  3 dart slugs (D:1)
  6 giant geckos
  A giant gecko (shapeshifter) (D:15)
  164 orcs
  6 giant cockroaches
  11 goblins
  8 hobgoblins
  10 jackals
  37 kobolds
  6 quokkas
  8 bats
  A giant gecko skeleton (D:7)
  9 giant newts
  A quokka skeleton (D:4)
  15 rats
  A fungus (Lair:8)
  A snaplasher vine (Shoals:3)
  2 tentacles (Shoals:4)
  A tentacle segment (Shoals:3)
1430 creatures vanquished.

Vanquished Creatures (collateral kills)
  The ghost of CALLOUS the Fighter, an adept DsFi of Okawaru (Shoals:3)
  2 vault wardens (Vaults:1)
  2 frost giants
  An orc warlord (Orc:2)
  3 ironheart preservers (Vaults:1)
  An ettin (Orc:2)
  6 merfolk javelineers
  6 merfolk impalers
  Josephine (Orc:2)
  A fire dragon (Vaults:1)
  5 vault guards (Vaults:1)
  A hydra (Lair:1)
  A yaktaur captain (Vaults:2)
  2 ogre magi
  4 merfolk aquamancers
  An alligator snapping turtle (Shoals:4)
  A deep troll earth mage (D:13)
  A harpy (Shoals:1)
  2 deep elf knights (Vaults:1)
  A flayed ghost (Vaults:1)
  A giant orange brain (Vaults:1)
  A deep troll (Vaults:1)
  2 unseen horrors
  6 sea snakes
  2 hill giants
  3 orc knights
  3 ironbrand convokers
  2 fauns (Shoals:3)
  An orc sorcerer (Vaults:1)
  An ugly thing (D:13)
  A griffon (Shoals:3)
  3 sirens (Shoals:4)
  A cyclops (Vaults:1)
  4 manticores (Shoals:4)
  A black mamba (Lair:1)
  5 vault sentinels
  2 freezing wraiths
  8 yaktaurs
  A troll (Orc:2)
  20 merfolk
  A two-headed ogre (Vaults:1)
  A wind drake (Shoals:3)
  7 snapping turtles
  A blink frog (Lair:5)
  A spriggan (shapeshifter) (D:13)
  6 yaks (D:10)
  A vampire mosquito (Vaults:2)
  6 orc warriors
  A sky beast (D:11)
  6 ogres
  A centaur (D:13)
  A wight (D:11)
  3 orc priests
  A giant frog skeleton (D:11)
  A worker ant (D:13)
  10 orcs
  A giant cockroach (D:6)
  2 fungi (Lair:5)
  3 tentacles
165 creatures vanquished.

Vanquished Creatures (others)
  A dancing weapon (D:11)
  An orc knight (Vaults:1)
  4 harpies
  A polar bear (shapeshifter) (Vaults:1)
  A gargoyle (D:15)
  A snapping turtle (Shoals:1)
  A water elemental (Shoals:3)
  A giant frog (D:6)
  2 slaves
  2 scorpions (D:6)
  A howler monkey zombie (D:6)
  5 river rats (Lair:8)
  21 fungi
  49 plants
  5 snaplasher vines
  766 snaplasher vine segments
  3 spectral weapons
  20 tentacles
  437 tentacle segments
1322 creatures vanquished.

Grand Total: 2917 creatures vanquished

Notes
Turn   | Place    | Note
--------------------------------------------------------------
     0 | D:1      | CALLOUS the High Elf Wanderer began the quest for the Orb.
     0 | D:1      | CALLOUS set off with: a Young Poisoner's Handbook, a +0 ring mail, a potion of lignification, a +0 dagger, a bread ration
     0 | D:1      | Reached XP level 1. HP: 16/16 MP: 3/3
     2 | D:1      | Learned a level 1 spell: Sting
   536 | D:1      | Reached XP level 2. HP: 19/21 MP: 1/5
   540 | D:1      | Learned a level 2 spell: Cure Poison
  1324 | D:1      | Reached skill level 2 in Spellcasting
  1547 | D:1      | Reached skill level 1 in Conjurations
  2248 | D:2      | Reached skill level 1 in Dodging
  2391 | D:2      | Reached XP level 3. HP: 20/26 MP: 0/7
  2494 | D:2      | Learned a level 3 spell: Mephitic Cloud
  3722 | D:2      | Reached XP level 4. HP: 21/31 MP: 0/8
  4642 | D:2      | Reached skill level 1 in Air Magic
  4977 | D:3      | Noticed CALLOUS's ghost (weakling HaCj)
  4992 | D:2      | Reached skill level 3 in Spellcasting
  5433 | D:1      | Reached XP level 5. HP: 36/36 MP: 10/10
  5817 | D:4      | Found a blossoming altar of Fedhas.
  5819 | D:4      | Noticed a centaur
  5840 | D:4      | Killed a centaur
  6074 | D:4      | Noticed an ogre
  6093 | D:5      | Entered Level 5 of the Dungeon
  6102 | D:5      | Reached XP level 6. HP: 33/42 MP: 4/12
  6351 | D:5      | Found a glowing drain.
  6361 | Sewer    | Entered a sewer
  6399 | Sewer    | Reached skill level 4 in Spellcasting
  6792 | Sewer    | Reached skill level 1 in Bows
  6819 | Sewer    | Found a glowing silver altar of Zin.
  6995 | D:5      | Found a staircase to the Ecumenical Temple.
  7006 | Temple   | Entered the Ecumenical Temple
  7098 | Temple   | Became a worshipper of Xom of Bone-Dry Humour
  7753 | D:5      | XOM: potion effect (invisibility)
  7760 | D:5      | Reached XP level 7. HP: 32/46 MP: 14/14
  8020 | D:6      | Noticed Pikel
  8038 | D:5      | XOM: divination: detect items
  8043 | D:5      | XOM: confuse monster(s)
  8053 | D:5      | Killed Pikel
  8053 | D:5      | Reached skill level 5 in Bows
  8231 | D:6      | XOM: enchant monster (good)
  8272 | D:6      | XOM: fake destruction
  8364 | D:6      | XOM: destruction
  8366 | D:6      | Reached XP level 8. HP: 52/52 MP: 14/16
  8841 | D:3      | Killed CALLOUS's ghost
  9035 | D:3      | XOM: 1-stop teleportation journey
  9138 | D:3      | XOM: vitrification
  9301 | D:3      | XOM: give mutation
  9301 | D:3      | Gained mutation: You are partially covered in molten scales (AC +1). [Xom's grace]
  9371 | D:3      | XOM: god gift: 42 gold pieces
  9583 | D:3      | XOM: vitrification
  9605 | D:3      | XOM: noise
  9620 | D:3      | Reached skill level 5 in Spellcasting
 10128 | D:4      | Noticed Menkaure
 10140 | D:4      | Killed Menkaure
 10140 | D:4      | Reached skill level 5 in Conjurations
 10148 | D:4      | XOM is BORED!
 10148 | D:4      | XOM: give mutation
 10148 | D:4      | Gained mutation: Your muscles are strong. (Str +2) [Xom's mischief]
 10311 | D:4      | Found Vemutup's Antique Weapon Emporium.
 10355 | D:4      | Noticed Robin
 10965 | D:4      | XOM: medium Fire miscast
 11107 | D:3      | XOM: mild Air miscast
 11148 | D:4      | Reached skill level 5 in Dodging
 11576 | D:6      | Found a shimmering altar of Xom.
 11920 | D:7      | Found an iron altar of Okawaru.
 12865 | D:8      | Found a sacrificial altar of Ru.
 12943 | D:8      | XOM: mild Hex miscast
 12952 | D:8      | XOM: harmless Trmt miscast
 12957 | D:8      | Reached XP level 9. HP: 57/57 MP: 11/18
 13205 | D:8      | XOM: noise
 13235 | D:8      | Reached skill level 6 in Spellcasting
 13446 | D:8      | XOM: summons 4 hostile demons
 13698 | D:8      | XOM: summons 1 hostile shadow creature
 14069 | D:9      | XOM: 2-stop teleportation journey
 14081 | D:9      | Reached skill level 5 in Air Magic
 14158 | D:9      | XOM: enchant monster (bad)
 14477 | D:8      | XOM is BORED!
 14477 | D:8      | XOM: give mutations
 14477 | D:8      | Gained mutation: You are frail (-10% HP). [Xom's mischief]
 14477 | D:8      | Gained mutation: You are dopey. (Int -2) [Xom's mischief]
 14514 | D:8      | XOM: draining
 14679 | D:4      | Bought a warped long sword for 212 gold pieces
 14679 | D:4      | Identified the cursed +0 long sword "Taqytiusuck" {slice, *Drain rElec rPois Int+2} (You bought it in a shop on level 4 of the Dungeon)
 15143 | D:8      | XOM: harmless Hex miscast
 15238 | D:9      | XOM: polymorph yak -> hippogriff
 15264 | D:9      | Reached skill level 7 in Spellcasting
 15497 | D:9      | XOM: harmless Fire miscast
 15502 | D:9      | XOM: blink monster(s)
 15571 | D:9      | XOM: polymorph yak -> eye of draining
 15584 | D:9      | Reached skill level 1 in Stealth
 15651 | D:8      | XOM: divination: magic mapping
 15762 | D:9      | XOM: divination: detect items
 15971 | D:10     | Entered Level 10 of the Dungeon
 16030 | D:10     | XOM: potion effect (haste)
 16041 | D:10     | XOM: harmless Fire miscast
 16320 | D:10     | Found a portal to a secret trove of treasure.
 16347 | Trove    | Entered a treasure trove
 16387 | Trove    | Identified Puhuoq's Guide on Flamy Summoning (You found it in a treasure trove)
 16394 | Trove    | Learned a level 2 spell: Repel Missiles
 16398 | Trove    | Learned a level 2 spell: Blink
 16407 | Trove    | Identified Sif Muna's Reference Book on Destructive Dark Rituals (You found it in a treasure trove)
 16416 | Trove    | Identified Girgharph's Reference Book on Good Luck and Sinister Rites (You found it in a treasure trove)
 16423 | Trove    | Learned a level 1 spell: Shock
 16426 | Trove    | Learned a level 2 spell: Corpse Rot
 16430 | Trove    | Learned a level 3 spell: Conjure Flame
 16435 | Trove    | Learned a level 4 spell: Sticky Flame
 16438 | Trove    | Learned a level 2 spell: Throw Frost
 16455 | D:10     | Learned a level 3 spell: Ozocubu's Armour
 16496 | D:10     | XOM: 1-stop teleportation journey
 16506 | D:10     | Found a radiant altar of Vehumet.
 16536 | D:10     | XOM: fog
 16545 | D:10     | XOM: scenery: 2 doors open, 1 doors close
 16555 | D:10     | XOM: divination: detect creatures
 16559 | D:10     | Reached skill level 1 in Translocations
 16560 | D:10     | XOM: noise
 16588 | D:10     | XOM: harmless Fire miscast
 16692 | D:10     | XOM: enchant monster (good)
 16697 | D:10     | XOM: blink monster(s)
 16927 | D:8      | XOM: give mutations
 16927 | D:8      | Gained mutation: You tend to lose your temper in combat. [Xom's mischief]
 16927 | D:8      | Lost mutation: You are dopey. (Int -2) [Xom's mischief]
 17164 | D:7      | Reached XP level 10. HP: 49/56 MP: 14/22
 17282 | D:7      | Reached skill level 1 in Charms
 17820 | D:10     | XOM: swap monsters
 18004 | D:10     | Reached skill level 8 in Spellcasting
 18035 | D:10     | XOM: harmless Tloc miscast
 18055 | D:10     | Noticed a cyclops
 18060 | D:10     | Killed a cyclops
 18097 | D:10     | XOM: confuse monster(s)
 18125 | D:10     | XOM: fog
 18128 | D:10     | XOM: summons 6 friendly demons
 18301 | D:10     | Learned a level 2 spell: Swiftness
 18309 | D:10     | XOM: scenery: 1 doors close
 18369 | D:10     | XOM: smoke on damage
 18371 | D:10     | XOM is BORED!
 18371 | D:10     | XOM: enchant monster (bad)
 18461 | D:10     | Noticed a hill giant
 18463 | D:10     | XOM: cast spell 'Call Canine Familiar'
 18495 | D:10     | Killed a hill giant
 18707 | D:10     | Noticed a hill giant
 18719 | D:10     | Killed a hill giant
 18904 | D:10     | XOM: swap monsters
 18914 | D:10     | Noticed an unseen horror
 18917 | D:10     | Killed an unseen horror
 18917 | D:10     | Reached skill level 9 in Spellcasting
 19047 | D:10     | XOM: scenery: 1 doors open
 19056 | D:10     | XOM: god gift: yellowed book {god gift}
 19057 | D:10     | Identified Xom's Compendium of the Soldier (Xom gifted it to you on level 10 of the Dungeon)
 19146 | D:10     | XOM: give mutations
 19146 | D:10     | Lost mutation: You are frail (-10% HP). [Xom's mischief]
 19146 | D:10     | Lost mutation: Your muscles are strong. (Str +2) [Xom's mischief]
 19404 | D:10     | Noticed a griffon
 19471 | D:11     | Noticed an unseen horror
 19783 | D:10     | Reached XP level 11. HP: 68/68 MP: 20/25
 19815 | D:10     | Learned a level 4 spell: Airstrike
 19828 | D:10     | XOM: potion effect (haste)
 19859 | D:10     | Killed a griffon
 19985 | D:10     | XOM: vitrification
 20260 | D:11     | Found a staircase to the Lair.
 20675 | D:11     | XOM: scenery: create altars
 20697 | D:11     | Noticed a hill giant
 20715 | D:11     | Killed a hill giant
 20888 | D:10     | XOM: mild Air miscast
 20942 | D:11     | Noticed a hill giant
 21300 | D:11     | XOM: 9-stop teleportation journey
 21313 | D:11     | XOM: summons friendly shadow imp
 21320 | D:11     | XOM: potion effect (agility)
 21339 | D:11     | Reached skill level 10 in Bows
 21341 | D:11     | Killed an unseen horror
 21435 | D:11     | XOM: cast spell 'Leda's Liquefaction'
 21442 | D:11     | Killed a hill giant
 21467 | D:11     | Gained mutation: You are agile. (Dex +2) [mutagenic meat]
 21468 | D:11     | Gained mutation: You possess an exceptional clarity of mind. [mutagenic meat]
 21469 | D:11     | Fell from the grace of Xom
 21823 | D:8      | Became a worshipper of Ru the Awakened
 21857 | D:8      | XOM: give mutations
 21857 | D:8      | Gained mutation: Your flesh is cold resistant. [Xom's grace]
 21857 | D:8      | Gained mutation: You are somewhat resistant to further mutation. [Xom's grace]
 21857 | D:8      | Gained mutation: You are partially covered in icy blue scales (AC +1). [Xom's grace]
 21857 | D:8      | Gained mutation: You passively map a small area around you. [Xom's grace]
 22550 | D:12     | Reached skill level 10 in Spellcasting
 22599 | D:12     | XOM: 3-stop teleportation journey
 22743 | D:10     | XOM: draining
 22767 | D:10     | XOM: summons 5 hostile demons
 22768 | D:10     | Noticed a sun demon
 23463 | D:12     | XOM: summons 5 hostile demons
 24186 | D:12     | XOM: scenery: create altars
 24231 | D:11     | XOM: 2-stop teleportation journey
 24535 | D:12     | XOM: medium Chrm miscast
 25824 | D:11     | XOM: medium Tloc miscast
 26042 | D:11     | XOM: scenery: create altars
 26225 | D:12     | XOM: noise
 26435 | D:11     | Reached XP level 12. HP: 74/74 MP: 20/27
 26702 | D:11     | Reached skill level 5 in Translocations
 26790 | D:11     | Got a scorched scale mail
 26870 | D:11     | Found a staircase to the Orcish Mines.
 26952 | D:11     | Identified the +4 scale mail "Konov" {-Cast rPois Int+5} (You found it on level 11 of the Dungeon)
 29184 | D:9      | Reached skill level 5 in Charms
 29510 | Lair:1   | Entered Level 1 of the Lair of Beasts
 29708 | D:11     | XOM: mild Trmt miscast
 29733 | Lair:1   | Reached skill level 11 in Spellcasting
 29747 | Lair:1   | XOM: summons 2 hostile demons
 29861 | Lair:1   | Noticed a seven-headed hydra
 30408 | Lair:1   | XOM: polymorph crocodile -> blink frog
 31039 | Lair:1   | You fall through a shaft!
 31039 | Lair:2   | Noticed a seven-headed hydra
 31218 | Lair:1   | Got an encrusted glaive
 31219 | Lair:1   | Identified the +4 glaive of Forgiveness {speed, Str+3} (You found it on level 1 of the Lair of Beasts)
 31565 | D:13     | Found a gate to the Vaults.
 31565 | D:13     | Noticed a centaur warrior
 31565 | D:13     | Noticed a centaur warrior
 31565 | D:13     | Noticed a vault guard
 31565 | D:13     | Noticed a vault guard
 31565 | D:13     | Noticed a vault guard
 31566 | D:13     | Noticed a vault guard
 31590 | D:12     | Reached skill level 10 in Conjurations
 31682 | Orc:1    | Entered Level 1 of the Orcish Mines
 31989 | Orc:2    | Entered Level 2 of the Orcish Mines
 31989 | Orc:2    | Found a staircase to the Elven Halls.
 32354 | Orc:1    | Noticed an orc warlord
 32729 | Orc:2    | Found a roughly hewn altar of Beogh.
 33285 | Orc:2    | Found a roughly hewn altar of Beogh.
 33438 | Orc:2    | Found a roughly hewn altar of Beogh.
 33613 | Orc:2    | Found Hopsom's Distillery.
 33619 | Orc:2    | Bought a potion of flight for 45 gold pieces
 33749 | Orc:2    | Found a roughly hewn altar of Beogh.
 33905 | Orc:2    | XOM: give mutations
 33905 | Orc:2    | Lost mutation: Your flesh is cold resistant. [Xom's mischief]
 33905 | Orc:2    | Gained mutation: You are frail (-10% HP). [Xom's mischief]
 33905 | Orc:2    | Lost mutation: You are agile. (Dex +2) [Xom's mischief]
 33905 | Orc:2    | Lost mutation: You are somewhat resistant to further mutation. [Xom's mischief]
 34039 | Orc:2    | Found Qiotreh's Weapon Boutique.
 34092 | Orc:2    | XOM: noise
 34108 | Orc:2    | XOM: severe Erth miscast
 35140 | Orc:2    | Noticed Saint Roka
 35252 | Orc:2    | Reached skill level 12 in Spellcasting
 35386 | Orc:2    | XOM: medium Necr miscast
 35803 | D:11     | Learned a level 6 spell: Deflect Missiles
 35928 | D:9      | Reached XP level 13. HP: 71/71 MP: 23/30
 37349 | Lair:2   | XOM: summons 2 hostile shadow creatures
 38038 | Lair:2   | XOM: give mutations
 38038 | Lair:2   | Gained mutation: You are partially covered in large bone plates (AC +2, SH +2). [Xom's mischief]
 38038 | Lair:2   | Lost mutation: You are partially covered in large bone plates (AC +2, SH +2). [Xom's mischief]
 38116 | Lair:2   | Noticed Sonja
 38224 | Lair:2   | Killed Sonja
 38304 | Lair:2   | Noticed Harold
 38335 | Lair:2   | Killed Harold
 38423 | Lair:2   | Got a pitted hunting sling
 38424 | Lair:2   | Identified the +9 hunting sling of Wealth {venom, rF+ Stlth+} (You found it on level 2 of the Lair of Beasts)
 39924 | Lair:3   | Noticed Rupert
 40018 | Lair:3   | XOM: summons 1 hostile demon
 40045 | Lair:3   | XOM: medium Air miscast
 40045 | Lair:3   | Was forgiven by Xom
 40615 | Lair:4   | Found a staircase to the Shoals.
 42246 | Lair:5   | Found a hole to the Spider Nest.
 42672 | Lair:5   | Reached skill level 10 in Dodging
 44182 | Lair:6   | Reached skill level 13 in Spellcasting
 44779 | Lair:6   | Reached XP level 14. HP: 77/77 MP: 32/32
 44905 | Lair:6   | Got an iridescent war axe
 44906 | Lair:6   | Identified the +3 war axe of Fatigue {holy, rPois Str-5 Dex+7} (You found it on level 6 of the Lair of Beasts)
 44910 | Lair:6   | Got a pitted shortbow
 44911 | Lair:6   | Identified the +7 shortbow of the Apocalypse {speed, rPois rF+ rC++ Str-3 Int+2} (You found it on level 6 of the Lair of Beasts)
 44917 | Lair:6   | Got a crude ice dragon armour
 44918 | Lair:6   | Identified the +1 ice dragon armour of Trumpets {rF- rC++ rCorr MP+9} (You found it on level 6 of the Lair of Beasts)
 46277 | D:11     | Learned a level 5 spell: Warp Weapon
 46281 | D:11     | Learned a level 3 spell: Spectral Weapon
 46673 | Lair:7   | Noticed Kirke
 47890 | Lair:6   | Reached skill level 10 in Air Magic
 48323 | Lair:8   | Entered Level 8 of the Lair of Beasts
 49357 | Lair:8   | Noticed ciphuk's ghost (adept KoBe)
 50216 | Shoals:1 | Entered Level 1 of the Shoals
 50634 | Shoals:1 | You fall through a shaft!
 50749 | Shoals:2 | Found Seabb's Book Shop.
 50815 | Shoals:1 | Reached skill level 14 in Spellcasting
 52520 | Shoals:2 | Reached XP level 15. HP: 81/81 MP: 27/34
 53446 | Shoals:2 | Reached skill level 5 in Fighting
 54358 | Shoals:3 | Noticed CALLOUS's ghost (adept DsFi)
 55774 | Orc:1    | Noticed an orc warlord
 56583 | D:14     | Reached skill level 15 in Spellcasting
 58037 | D:15     | Entered Level 15 of the Dungeon
 59598 | Shoals:4 | Entered Level 4 of the Shoals
 59598 | Shoals:4 | Noticed a frost giant
 59598 | Shoals:4 | Noticed a frost giant
 59864 | D:11     | Learned a level 5 spell: Summon Forest
 60562 | D:13     | Found a shattered altar of Ashenzari.
 60588 | D:13     | Reached skill level 10 in Translocations
 60828 | D:13     | Reached XP level 16. HP: 88/88 MP: 36/36
 61312 | D:13     | Got a dazzling ring mail
 61313 | D:13     | Identified the +2 ring mail of the Harp {rPois Dex+4} (You took it off an orc on level 13 of the Dungeon)
 63040 | Lair:7   | Reached skill level 15 in Bows
 64071 | Lair:8   | Killed ciphuk's ghost
 64716 | Lair:8   | Reached skill level 10 in Charms
 65417 | Lair:8   | Reached skill level 16 in Spellcasting
 66569 | Lair:8   | Found a viscous altar of Jiyva.
 66572 | Lair:8   | Found a staircase to the Slime Pits.
 70100 | D:15     | Found a staircase to the Depths.
 71413 | D:14     | Reached XP level 17. HP: 92/92 MP: 38/38
 71691 | D:15     | Learned a level 4 spell: Summon Lightning Spire
 71754 | D:15     | Got a fine scale mail
 71992 | D:11     | Identified the cursed +0 scale mail of Cheibriados's Whim {rN++ Int-2} (You took it off a skeletal warrior on level 15 of the Dungeon)
 72568 | Shoals:3 | Killed CALLOUS's ghost
 74067 | Orc:1    | Noticed Josephine
 74086 | Orc:2    | Killed Josephine
 76932 | Orc:1    | Found Ipsaext's Jewellery Shop.
 78464 | Shoals:3 | Reached skill level 17 in Spellcasting
 79575 | Shoals:4 | Noticed a kraken
 79589 | Shoals:4 | Killed a kraken
 80559 | Shoals:4 | Got a shimmering diamond amulet
 80609 | Shoals:4 | Identified the amulet "Viqa" {Gourm rF+} (You took it off a frost giant on level 4 of the Shoals)
 81426 | Shoals:4 | Noticed Ilsuiw
 81657 | Shoals:4 | Killed Ilsuiw
 82691 | Shoals:4 | Reached XP level 18. HP: 99/99 MP: 28/40
 82825 | Shoals:4 | Got a barnacled rune of Zot
 83238 | Shoals:4 | Got a crude steel ring
 83757 | Shoals:4 | Identified the ring of the Queen {rN+ Dex+2} (You found it on level 4 of the Shoals)
 84397 | D:11     | Learned a level 4 spell: Force Lance
 85207 | Vaults:1 | Entered Level 1 of the Vaults
 85664 | Vaults:1 | Reached skill level 18 in Spellcasting
 87213 | Vaults:1 | HP: 1/99 [slime creature (14)]
 87910 | D:13     | Paralysed by something for 6 turns
 89712 | Vaults:1 | Found Enawecva's Antique Armour Shoppe.
 89726 | Vaults:1 | Bought the +3 crown of Dyrovepreva {rElec Int+2 SInv} for 1656 gold pieces
 90866 | Vaults:2 | Mangled by a vault warden

Skill      XL: |  1  2  3  4  5  6  7  8  9 10 11 12 13 14 15 16 17 18 |
---------------+-------------------------------------------------------+-----
Spellcasting   | 2 3 4 5 7 9 10 12 13 14 15 16 17 18 | 18.6
Conjurations   | 1 2 3 4 5 7 8 9 10 11 12 13 | 13.7
Dodging        | 1 2 3 4 5 6 7 8 9 10 11 12 13 | 13.7
Air Magic      | 1 2 3 4 5 6 7 8 9 10 11 13 | 13.6
Bows           | 2 5 7 8 9 10 11 12 13 14 15 16 17 | 17.1
Stealth        | 1 2 3 4 |  4.3
Translocations | 1 3 4 6 7 8 10 11 12 | 12.1
Charms         | 2 4 5 7 8 9 10 11 | 11.7
Fighting       | 4 5 |  5.8
Maces & Flails | |  1.0
Throwing       | |  1.0
Armour         | |  1.0
Poison Magic   | |  1.5
Evocations     | |  1.9

Action                   |  1- 3 |  4- 6 |  7- 9 | 10-12 | 13-15 | 16-18 || total
-------------------------+-------+-------+-------+-------+-------+-------++-------
Melee: Dagger            |    85 |    65 |     6 |   151 |   134 |       ||   441
       Whip              |       |    41 |    95 |    95 |       |       ||   231
       Hand axe          |       |       |       |    14 |    64 |     2 ||    80
       Glaive            |       |       |       |     8 |    11 |    22 ||    41
       Rapier            |       |       |       |       |    47 |    40 ||    87
       Dire flail        |       |       |       |       |       |    17 ||    17
       Demon trident     |       |       |       |       |       |    21 ||    21
 Fire: Shortbow          |       |    38 |   155 |   291 |   381 |   519 ||  1384
       Blowgun           |       |       |       |     1 |       |       ||     1
       Hunting sling     |       |       |       |       |   937 |  1063 ||  2000
Throw: Stone             |     9 |    34 |    25 |    77 |    30 |       ||   175
       Tomahawk          |       |       |     1 |     8 |    39 |    21 ||    69
       Javelin           |       |       |       |     3 |    16 |    23 ||    42
       Throwing net      |       |       |       |       |     3 |     1 ||     4
 Cast: Sting             |    70 |   118 |   346 |   578 |    45 |       ||  1157
       Cure Poison       |       |       |     2 |     1 |     4 |     7 ||    14
       Sticky Flame      |       |       |     6 |   169 |   240 |   380 ||   795
       Blink             |       |       |     6 |    21 |    42 |    48 ||   117
       Conjure Flame     |       |       |     1 |    14 |     9 |     9 ||    33
       Repel Missiles    |       |       |     1 |     1 |       |       ||     2
       Throw Frost       |       |       |       |    59 |     8 |    52 ||   119
       Shock             |       |       |       |    99 |   139 |   153 ||   391
       Ozocubu's Armour  |       |       |       |    33 |   129 |   161 ||   323
       Airstrike         |       |       |       |    25 |    60 |    83 ||   168
       Corpse Rot        |       |       |       |     2 |     5 |    11 ||    18
       Deflect Missiles  |       |       |       |     1 |     6 |    16 ||    23
       Spectral Weapon   |       |       |       |       |    22 |    17 ||    39
       Warp Weapon       |       |       |       |       |    22 |    21 ||    43
       Summon Forest     |       |       |       |       |       |    21 ||    21
       Summon Lightning  |       |       |       |       |       |   159 ||   159
       Force Lance       |       |       |       |       |       |     2 ||     2
Invok: Renounce Religion |       |       |       |     1 |       |       ||     1
Evoke: Wand              |       |       |       |     9 |    30 |    17 ||    56
       Lamp of fire      |       |       |       |       |     1 |     3 ||     4
       Fan of gales      |       |       |       |       |     2 |     1 ||     3
       Phial of floods   |       |       |       |       |       |     2 ||     2
  Use: Potion            |       |     1 |       |       |     1 |       ||     2
       Scroll            |       |     9 |     2 |     4 |     9 |     7 ||    31
 Stab: Invisible         |       |     1 |       |       |       |       ||     1
       Sleeping          |       |       |     1 |     3 |     2 |       ||     6
       Confused          |       |       |       |     1 |       |       ||     1
       Distracted        |       |       |       |     1 |     1 |     4 ||     6
       Paralysed         |       |       |       |       |       |     6 ||     6
  Eat: Chunk             |     6 |    12 |    20 |    69 |    69 |    83 ||   259
       Bread ration      |     1 |     1 |     2 |       |       |       ||     4
       Royal jelly       |       |       |       |       |     1 |       ||     1
       Meat ration       |       |       |       |       |     2 |     3 ||     5
Armor: Ring mail         |    54 |    73 |    61 |       |       |       ||   188
       Skin              |       |    12 |       |       |       |       ||    12
       Robe              |       |       |     8 |    61 |       |       ||    69
       Troll leather arm |       |       |       |    57 |   262 |   365 ||   684
       Ice dragon armour |       |       |       |       |       |     7 ||     7
Dodge: Dodged            |    78 |    84 |   163 |   518 |  1037 |  1203 ||  3083
       Deflected         |       |       |       |    14 |    73 |   176 ||   263
Block: Other             |       |    18 |    70 |   133 |       |       ||   221
       Reflection        |       |       |       |     7 |       |       ||     7
